 Dungeon Crawl Stone Soup version 0.29.0-4-gdea44cf6ec (webtiles) character file.

Game seed: 16068908779036630670

1 qw the Sneak (level 1, -4/10 HPs)
             Began as a Felid Delver on Aug 27, 2022.
             Slain by a hound (6 damage)
             ... on level 4 of the Dungeon.
             The game lasted 00:00:00 (58 turns).

qw the Sneak (Felid Delver)                           Turns: 58, Time: 00:00:00

Health: -4/10      AC:  1    Str:  8    XL:     1   Next: 16%
Magic:  2/2        EV: 17    Int: 11    God:
Gold:   15         SH:  0    Dex: 17    Spells: 0/0 levels left
                                        Lives:  0   Deaths: 0

rFire   . . .      SeeInvis +     - Unarmed
rCold   . . .      Faith    .   (shield unavailable)
rNeg    . . .      Spirit   .   (body armour unavailable)
rPois   .          Reflect  .   (helmet unavailable)
rElec   .          Harm     .   (cloak unavailable)
rCorr   .          Rampage  .   (gloves unavailable)
Will    .....                   (boots unavailable)
Stlth   +++.......              (no amulet)
HPRegen 0.03/turn               (no ring)
MPRegen 0.08/turn               (no ring)

@: quick
A: very small, claws 1, fangs 3, see invisible, speed 1, shaggy fur 1, stealthy
paws, no weapons or thrown items, no armour, multi-lived
a: no special abilities


You were on level 4 of the Dungeon.
You visited 1 branch of the dungeon, and saw 2 of its levels.

You collected 15 gold pieces.


Innate Abilities, Weirdness & Mutations

You have sharp claws.
You have razor-sharp teeth.
You have supernaturally acute eyesight. (SInv)
You cover ground quickly. (Speed+)
You are covered in fur. (AC +1)
Your paws help you pounce on unaware monsters.
You are incapable of wielding weapons or throwing items.
You cannot wear armour.
You gain extra lives every three experience levels.


   Skills:
 - Level 3.0 Fighting
 - Level 2.6 Dodging
 - Level 6.6 Stealth
 + Level 2.1 Unarmed Combat


You couldn't memorise any spells.
You didn't know any spells.
Your spell library was empty.

Inventory:

Wands
 e - a wand of digging (3)
Potions
 d - a potion of haste

Dungeon Overview and Level Annotations

Branches:
Dungeon (5/15)
 Temple: D:4-7

Altars:


Message History

0 ||| PLANNING D:1-11
Found a stone staircase leading up.
Enter note:
18 ||| DROPPING scroll of fog.
You drop a scroll of fog.
19 ||| DROPPING scroll of magic mapping.
You drop a scroll of magic mapping.
20 ||| DROPPING scroll of fear.
You drop a scroll of fear.
(D) Dungeon
Where to? (* - list waypoints, ? - help)
What level of the Dungeon? (default 1, ? - help)
There is a stone staircase leading up here.
You climb upwards.
Found 15 gold pieces, a scroll labelled WIZXEF ILET and a leather armour.
There is a stone staircase leading down here.
Existing waypoints: (2) D:5 Assign waypoint to what number? (0-9, D - delete waypoint) Waypoint 1 assigned to D:4.
Enter note:
Enter note:
Found a morningstar.
You now have 15 gold pieces.
A goblin comes into view. It is wielding a +0 club.
The goblin shouts!
The goblin unwields a +0 club.
The goblin wields a +0 sling.
The goblin shoots a sling bullet.
The sling bullet hits you.
Ouch! That really hurt!
The goblin shoots a sling bullet.
The sling bullet hits you.
The goblin unwields a +0 sling.
The goblin wields a +0 club.
The goblin hits you with a +0 club.
You scratch the goblin.
You kill the goblin!
You start resting.
A hound comes into view.
The hound barks!
The hound closely misses you.
You barely miss the hound. The hound bites you.
Ouch! That really hurt!
You die...

...............#
...............#
...............#
...............#
...............#
...........?.....}
.....[.........#..
...)....h.....# #
.......@......#
......).......#
..............#
..............#
...............
...............
...............
...............


You could see a hound.

Vanquished Creatures
  A goblin (D:4)
1 creature vanquished.

Notes
Turn   | Place    | Note
-------+----------+-------------------------------------------
     0 | D:5      | qw the Felid Delver began the quest for the Orb.
     0 | D:5      | Reached XP level 1. HP: 10/10 MP: 2/2
     0 | D:5      | 0 ||| qw: Version: 0.1-a-89-g26bdef1
     0 | D:5      | 0 ||| qw: Game counter: 39
     0 | D:5      | 0 ||| qw: Always use a shield: true
     0 | D:5      | 0 ||| qw: God list: Okawaru, Trog
     0 | D:5      | 0 ||| qw: Allow faded altars: false
     0 | D:5      | 0 ||| qw: Do Orc after D:15 true
     0 | D:5      | 0 ||| qw: Do second Lair branch before Depths: true
     0 | D:5      | 0 ||| qw: Lair rune preference: random
     0 | D:5      | 0 ||| qw: Plans: Normal
     0 | D:5      | 0 ||| PLANNING D:1-11
    18 | D:5      | 18 ||| DROPPING scroll of fog.
    19 | D:5      | 19 ||| DROPPING scroll of magic mapping.
    20 | D:5      | 20 ||| DROPPING scroll of fear.
    35 | D:4      | HP: 1/10 [goblin/+0 club (2)]
    53 | D:4      | Noticed a hound
    58 | D:4      | Slain by a hound

Levels and vault maps discovered:
D:4:      layout_basic, makhleb_heckhound_becter,
          minmay_temple_entry_nine_rooms, serial_bayou, serial_bayou_shore_b,
          serial_bayou_pond_d, serial_bayou_pond_b, serial_bayou_ford_a
D:5:      layout_basic, nicolae_yredelemnul_corpse_copse

Action                   || total
-------------------------++-------
Melee: Unarmed           ||     2
Dodge: Dodged            ||     1

Table legend:
 A = Non-vault XP
 B = Vault XP
 C = Vault XP percentage of total XP
 D = Non-vault monster count
 E = Vault monster count
 F = Vault count percentage of total count
                 A         B        C        D         E       F
            +---------+---------+-------+---------+---------+-------
      Total |       2 |       0 |   0.0 |       1 |       0 |   0.0
            +---------+---------+-------+---------+---------+-------
        D:4 |       2 |       0 |   0.0 |       1 |       0 |   0.0
            +---------+---------+-------+---------+---------+-------
